 Dungeon Crawl Stone Soup version 0.28-a0-1199-gef9e1dbd39 (webtiles) character file.

Game seed: 4856761972658876137

1365 Lavandula the Grappler (level 8, -2/62 (64) HPs)
             Began as a Formicid Transmuter on Dec 19, 2021.
             Was an Initiate of Ru.
             Slain by a wight (16 damage)
             ... on level 5 of the Dungeon.
             The game lasted 00:08:42 (6083 turns).

Lavandula the Grappler (Formicid Transmuter)        Turns: 6083, Time: 00:08:43

HP:   -2/62 (64)    AC:  5    Str: 14    XL:     8   Next: 97%
MP:   7/11          EV: 10    Int: 16    God:    Ru [......]
Gold: 103           SH:  0    Dex: 11    Spells: 1/11 levels left

rFire   x . .      SeeInvis .     - Unarmed
rCold   + + +      Faith    .   (shield currently unavailable)
rNeg    . . .      Spirit   .   (armour currently unavailable)
rPois   +          Reflect  .   (helmet unavailable)
rElec   .          Harm     .   (cloak currently unavailable)
rCorr   .          Rampage  .   (gloves currently unavailable)
Will    .....                   (boots currently unavailable)
Stlth   +.........              (no amulet)
HPRegen 0.20/turn               (no ring)
MPRegen 0.12/turn               (no ring)

@: ice-form, wereblooded (expiring), studying Axes, lightly drained
A: freezing attack, amphibious, boosted hp, permanent stasis, dig shafts and
tunnels, large, (antennae 3), four strong arms
a: End Transformation, Renounce Religion


You were on level 5 of the Dungeon.
You worshipped Ru.
Ru was noncommittal.
You were a creature of crystalline ice.
You visited 2 branches of the dungeon, and saw 6 of its levels.

You collected 155 gold pieces.
You spent 52 gold pieces at shops.

Inventory:

Hand Weapons
 e - a +1 dagger of venom (melded)
Missiles
 f - 50 poisoned darts (quivered)
Armour
 a - a +0 robe (melded)
 l - a +1 pair of boots (melded)
Wands
 p - a wand of paralysis (7)
Scrolls
 c - a scroll of summoning {unknown}
 d - 4 scrolls of teleportation {unknown}
 g - 3 scrolls of identify {unknown}
 i - 2 scrolls of immolation {unknown}
 m - 2 scrolls of amnesia {unknown}
 n - a scroll of fear {unknown}
Potions
 b - 3 potions of curing
 h - a potion of attraction {unknown}
 j - a potion of mutation {unknown}
 k - a potion of might {unknown}
 o - a potion of degeneration


   Skills:
 - Level 1.4 Fighting
 - Level 1.7 Dodging
 - Level 9.1 Unarmed Combat
 - Level 2.1 Spellcasting
 - Level 4.1 Transmutations
 - Level 4.0 Poison Magic
 + Level 3.2 Evocations


You had one spell level left.
You knew the following spells:

 Your Spells              Type           Power      Damage    Failure   Level
a - Beastly Appendage     Tmut           28%        N/A       3%          1
b - Wereblood             Tmut           14%        N/A       6%          2
c - Spider Form           Tmut/Pois      14%        N/A       12%         3
d - Ice Form              Ice/Tmut       8%         N/A       65%         4

Your spell library contained the following spells:

 Spells                   Type           Power      Damage    Failure   Level
 Tukima's Dance           Hex            1%         N/A       52%         3
 Passage of Golubria      Tloc           1%         N/A       90%         4
 Yara's Violent Unravell  Hex/Tmut       4%         3d4       94%         5


Dungeon Overview and Level Annotations

Branches:
Dungeon (5/15)             Temple (1/1) D:4

Altars:
Ashenzari
Cheibriados
Dithmenos
Elyvilon
Fedhas
Gozag
Hepliaklqana
Kikubaaqudgha
Makhleb
Nemelex Xobeh
Okawaru
Qazlal
Ru
Sif Muna
Trog
Uskayaw
Vehumet
Wu Jian
Xom
Yredelemnul
Zin
The Shining One

Shops:
D:3 *


Innate Abilities, Weirdness & Mutations

You are a creature of crystalline ice.
You have a powerful freezing melee attack.
You are amphibious.
Your maximum health is increased.
Your armour is entirely melded.
You are incapable of wielding weapons or throwing items.
You cannot be hasted, slowed, berserked, paralysed or teleported.
You can dig through walls and to a lower floor.
((You have a pair of large antennae on your head. (SInv)))
Your four strong arms can wield two-handed weapons with a shield.


Message History

The spell is extremely dangerous to miscast (65% risk of failure)!
Continue anyway? [Y]es or [N]o only, please.
The spell is extremely dangerous to miscast (65% risk of failure)!
Continue anyway?
You turn into a creature of crystalline ice.
Your +1 dagger of venom melds into your body.
Your +1 pair of boots melds into your body.
Your +0 robe melds into your body.
Your +1 dagger of venom stops dripping with poison.
Casting: Ice Form (quite dangerous; 65% risk of failure)
Confirm with . or Enter, or press ? or * to list all spells.
Your blood is infused with primal strength.
Unknown command.
You climb downwards.
There is a stone staircase leading up here.
Unknown command. 2 wights come into view.
The wight hits you with a +5 falchion!
You feel drained.
You hit the wight but do no damage. You barely miss the wight.
The wight hits you with a +5 falchion!
You feel drained.
You punch the wight!
The wight is almost destroyed.
The wight hits you with a +5 falchion.
You punch the wight!
You feel a bit better.
You destroy the wight!
Your Evocations skill increases to level 3!
You barely miss the wight. You completely miss the wight.
The wight closely misses you.
You hit the wight but do no damage. The wight misses you.
You barely miss the wight.
The wight hits you with a +3 great sword!!
* * * LOW HITPOINT WARNING * * *
You howl as the wereblood boils in your veins!
You howl as the wereblood boils in your veins!
A wight comes into view. It is wielding a +0 short sword.
Your primal bloodlust is almost over.
A wyvern skeleton comes into view.
There is a stone staircase leading up here.
The wight hits you with a +3 great sword!
You die...

#.z
#..#
#..#
#..#
#.)##
#.#
#.##
##z#
#Y##
#..##
..Z##
###


You could see a wight and a wyvern skeleton.

Vanquished Creatures
  A two-headed ogre (D:4)
  Grinder (D:3)
  2 phantoms (D:4)
  A scorpion (D:4)
  2 wights
  A howler monkey (D:2)
  A jelly (D:3)
  A hound (D:3)
  2 orc priests (D:4)
  An orc wizard (D:4)
  3 adders
  2 dart slugs
  4 orcs
  7 endoplasms
  4 giant cockroaches
  5 goblins
  12 hobgoblins
  A jackal (D:2)
  2 kobolds
  A quokka (D:3)
  14 ball pythons
  10 bats
  6 frilled lizards
  A quokka skeleton (D:4)
  9 rats
94 creatures vanquished.

Notes
Turn   | Place    | Note
-------+----------+-------------------------------------------
     0 | D:1      | Lavandula the Formicid Transmuter began the quest for the
                  | Orb.
     0 | D:1      | Reached XP level 1. HP: 15/15 MP: 3/3
   498 | D:1      | Reached XP level 2. HP: 20/21 MP: 5/5
   525 | D:1      | Learned a level 2 spell: Wereblood
   931 | D:1      | Reached XP level 3. HP: 19/26 MP: 4/6
   935 | D:1      | Learned a level 3 spell: Spider Form
  1272 | D:2      | Reached skill level 1 in Poison Magic
  1806 | D:2      | Reached XP level 4. HP: 32/32 MP: 4/7
  1884 | D:2      | Found a faded altar of an unknown god.
  2413 | D:2      | Reached XP level 5. HP: 31/37 MP: 5/8
  2861 | D:3      | Noticed Grinder
  2880 | D:3      | Killed Grinder
  2881 | D:3      | Reached skill level 5 in Unarmed Combat
  2881 | D:3      | Reached XP level 6. HP: 8/43 MP: 6/9
  3275 | D:3      | Found Qanalon's General Store.
  3279 | D:3      | Bought a potion of curing for 39 gold pieces
  3279 | D:3      | Bought a potion of degeneration for 13 gold pieces
  3695 | D:3      | Reached XP level 7. HP: 46/48 MP: 6/10
  3795 | D:4      | Reached skill level 6 in Unarmed Combat
  3936 | D:3      | Learned a level 4 spell: Ice Form
  4448 | D:4      | Noticed a two-headed ogre
  4513 | D:4      | Killed a two-headed ogre
  4514 | D:4      | Reached skill level 9 in Unarmed Combat
  4514 | D:4      | Reached XP level 8. HP: 38/54 MP: 8/11
  4843 | D:4      | Found a staircase to the Ecumenical Temple.
  4855 | Temple   | Entered the Ecumenical Temple
  5177 | Temple   | Became a worshipper of Ru the Awakened
  5339 | D:4      | Found a sparkling altar of Nemelex Xobeh.
  5499 | D:4      | Reached skill level 1 in Evocations
  5873 | D:5      | Entered Level 5 of the Dungeon
  6083 | D:5      | Slain by a wight

Illustrated notes

Levels and vault maps discovered:
D:1:      tarquinn_simple_flora_water_b, layout_loops_ring, supply_closet_lemuel
D:2:      layout_loops_ring, hellmonk_ecumenical_altar_run_dry,
          kennysheep_small_spiral, grunt_ministairs_12, minmay_vboxes
D:3:      layout_basic, serial_shops, shop, hangedman_decor_growths,
          uniq_grinder
D:4:      layout_loops_cross, mainiacjoe_overflow_small_starburst,
          minmay_temple_entry_mini_moons, hangedman_abyss_or_decor_stagger
D:5:      layout_layer_cave, uniq_edmund
Temple:   mainiacjoe_temple_trianglar_array

Skill      XL: |  1  2  3  4  5  6  7  8 |
---------------+-------------------------+-----
Transmutations | 3 4 |  4.1
Poison Magic   | 2 4 |  4.0
Unarmed Combat | 5 9 |  9.1
Evocations     | 3 |  3.2
Fighting       | |  1.4
Dodging        | |  1.7
Spellcasting   | |  2.1

Action                   |  1- 3 |  4- 6 |  7- 9 || total
-------------------------+-------+-------+-------++-------
Melee: Unarmed           |    81 |    18 |    62 ||   161
       Kick              |     7 |     1 |     1 ||     9
       Whip              |    30 |    63 |     1 ||    94
       Punch             |     1 |       |       ||     1
       Dagger            |       |       |    20 ||    20
 Cast: Beastly Appendage |    13 |     3 |     2 ||    18
       Wereblood         |     2 |     3 |     1 ||     6
       Spider Form       |       |     5 |    14 ||    19
       Ice Form          |       |       |     2 ||     2
 Stab: Sleeping          |     5 |     1 |       ||     6
Armor: Robe              |    31 |    10 |     3 ||    44
       Skin              |       |     1 |     3 ||     4
Dodge: Dodged            |    97 |    65 |    53 ||   215

Table legend: (Time is in decaauts)
 A = Elapsed time spent in this place.
 B = Non-inter-level travel time spent in this place.
 C = Inter-level travel time spent in this place.
 D = Time resting spent in this place.
 E = Time spent auto-exploring this place.
 F = Levels seen in this place.
 G = Mean time per level.
                   A        B        C        D        E       F      G
               +--------+--------+--------+--------+--------+-----+--------+
         Total |   6079 |   5950 |    129 |    849 |   4260 |   6 | 1013.2 |
       Dungeon |   5619 |   5543 |     76 |    849 |   3854 |   5 | 1123.8 |
        Temple |    460 |    407 |     53 |      0 |    406 |   1 |  460.0 |
               +--------+--------+--------+--------+--------+-----+--------+

Top non-repeatable levels by time:
     D:4: 1484 daAuts
     D:3: 1441 daAuts
     D:2: 1407 daAuts
     D:1: 1262 daAuts
  Temple: 460 daAuts
     D:5: 22 daAuts
